AoeStats
← ᅚᅚᅚᅚ

Socotra

505123683Analyzed
4v4 RM · 24d ago on Sep 7, 2026· 14m 35s· 8 players
Game mode
Random Map
Map size
148×148
Population
200
Speed
Normal
Resources
Standard
Victory
Conquest
Starting age
Dark Age
Ending age
Imperial Age
RankedLock teamsTeams togetherTeam positionsShared explorationLock speedFull tech treeHidden civsTurbo modeCheats
Victory
Defeat
🇨🇱 Bengalis · Chile
1289
+13
🇨🇱 Sicilians · Chile
1272
+13
🇦🇷 Magyars · Argentina
1234
+15
1199
+16
🇺🇸 Koreans · United States
1281
-17
🇦🇺 Sicilians · Australia
1269
-17
🇨🇦 Italians · Canada
1189
-13
🇺🇸 Jurchens · United States
1095
-10
[Ks]LucasDK
6:53 Loom
9:31 Feudal Age
9:33 Man-at-Arms
10:15 Double-Bit Axe
11:38 Horse Collar
Pelantaro
6:09 Loom
ᅚᅚᅚᅚ
8:57 Loom
10:46 Feudal Age
15:24 Castle Age
14:54 Double-Bit Axe
El Monje Cleptómano de Cieza
10:11 Feudal Age
10:15 Man-at-Arms
14:35 Double-Bit Axe
Smoochy
4:22 Loom
00xLulu
11:33 Feudal Age
Azmaveth
11:03 Feudal Age
9:59 Loom
furkanonal2018
7:53 Loom
10:48 Feudal Age
Connection lost

Rejoining the realm…

Still unreachable

The connection could not be restored.

Session expired

The server has moved on; the page needs a fresh start.